 Dungeon Crawl Stone Soup version 0.24.0-13-gcf9b319 (webtiles) character file.

Game seed: 13196654171475452991, levelgen mode: deterministic

34 Bronimir the Chiller (level 3, 7/24 HPs)
             Began as a Vine Stalker Ice Elementalist on Mar 18, 2020.
             Quit the game on level 2 of the Dungeon.
             The game lasted 00:04:36 (1026 turns).

Bronimir the Chiller (VSIE)                         Turns: 1026, Time: 00:04:36

Health: 7/24       AC: 21    Str:  9 (10) XL:     3   Next: 31%
Magic:  3/7        EV:  2    Int: 15 (16) God:
Gold:   69         SH:  0    Dex: 12 (14) Spells: 4/7 levels left

rFire    + . .     SeeInvis .   (no weapon)
rCold    + . .     Gourm    .   (no shield)
rNeg     + + +     Faith    .   (armour currently unavailable)
rPois    +         Spirit   +   (helmet currently unavailable)
rElec    +         Reflect  .   (cloak currently unavailable)
rCorr    +         Harm     .   (gloves currently unavailable)
MR       .....     NoTele   +   (boots currently unavailable)
Stlth    ++........             (no amulet)
HPRegen  0.08/turn              i - ring of resist corrosion
MPRegen  0.10/turn              (no ring)

@: lethally poisoned (7 -> 0), tree-form, resistant
A: magic shield, no potion heal 3, rot immunity
a: no special abilities


You were on level 2 of the Dungeon.
You were not hungry.
You were a tree.
You visited 1 branch of the dungeon, and saw 2 of its levels.

You collected 69 gold pieces.

Inventory:

Hand Weapons
 n - a +0 short sword
Missiles
 e - 29 stones (quivered)
 k - 30 bolts
 p - 26 sling bullets
Armour
 a - a +0 robe (melded)
 d - a +0 ring mail of magic resistance
Jewellery
 f - a cursed -2 ring of evasion {unknown}
 i - a ring of resist corrosion (left branch)
 l - an uncursed ring of wizardry {unknown}
Scrolls
 b - 2 scrolls of identify {unknown}
 m - a scroll of remove curse {unknown}
Comestibles
 c - 3 rations
 o - 3 chunks of flesh


   Skills:
 + Level 1.6 Dodging
 - Level 2.4 Stealth
 + Level 0.1 Unarmed Combat
 + Level 2.5 Spellcasting
 * Level 1.2 Conjurations
 * Level 3.9 Ice Magic


You had 4 spell levels left.
You knew the following spells:

 Your Spells              Type           Power        Failure   Level  Hunger
a - Freeze                Ice            ##..         4%          1    #......
b - Throw Frost           Conj/Ice       #.....       11%         2    ###....

Your spell library contained the following spells:

 Spells                   Type           Power        Failure   Level  Hunger
 Ozocubu's Armour         Chrm/Ice       #.......     28%         3    ###....
 Throw Icicle             Conj/Ice       #.......     58%         4    #####..
 Summon Ice Beast         Ice/Summ       #.......     67%         4    #####..


Dungeon Overview and Level Annotations

Branches:
Dungeon (2/15)

Altars:


Innate Abilities, Weirdness & Mutations

((You have extremely sharp teeth.))
When hurt, damage is shared between your health and your magic reserves.
((Your bite disrupts and absorbs the magic of your enemies.))
Potions cannot restore your health.
You are immune to rotting.


Message History

There is a lethal amount of poison in your body!
There is a lethal amount of poison in your body!
There is a lethal amount of poison in your body!
There is a lethal amount of poison in your body!
You cannot move.
Unknown command.
Sorry, you're not good enough to have a special ability.
You cannot move.
Unknown command.
Unknown command.
Unknown command.
Unknown command.
Unknown command.
Unknown command.
Unknown command.
Unknown command.
There is a lethal amount of poison in your body!
There is a lethal amount of poison in your body!
There is a lethal amount of poison in your body!
Are you sure you want to abandon this character and quit the game? (Confirm with "yes".)

#..# #..# #..# #
#..# .# #####..#
#.#
#...#..###..#
#......)..#
.##....#.#.#
.......♣(.# ##
.......=.## ..
..........## .#
#.#.<...[#.## .#
..........#.#..#
.##........<...#
##############


There were no monsters in sight!

Vanquished Creatures
  2 dart slugs
  3 bats (D:1)
  9 goblins (D:1)
  3 hobgoblins (D:1)
  2 frilled lizards (D:1)
  5 kobolds
  2 rats (D:1)
26 creatures vanquished.

Notes
Turn   | Place    | Note
-------+----------+-------------------------------------------
     0 | D:1      | Bronimir the Vine Stalker Ice Elementalist began the quest
                  | for the Orb.
     0 | D:1      | Reached XP level 1. HP: 9/9 MP: 4/4
   292 | D:1      | Reached XP level 2. HP: 12/13 MP: 1/6
   296 | D:1      | Learned a level 2 spell: Throw Frost
   813 | D:1      | Reached XP level 3. HP: 16/16 MP: 5/7
  1026 | D:2      | Quit the game

Levels and vault maps discovered:
D:1:      eino_arrival_druids_welcome, layout_basic, chequers_decorated_corner
D:2:      minmay_door_path, layout_loops_ring, hex_medium

Action                   || total
-------------------------++-------
Melee: Unarmed           ||    10
       Bite              ||     6
       Short sword       ||    10
 Cast: Freeze            ||    29
       Throw Frost       ||     3
  Use: Potion            ||     3
 Stab: Sleeping          ||     1
  Eat: Chunk             ||     1
Armor: Robe              ||     6
Dodge: Dodged            ||    24
